[Event "*** Titled Tuesday Blitz"]
[Site "Chess.com"]
[Date "2020.04.21"]
[Round "9"]
[White "fridaywins"]
[Black "gvanna"]
[Result "0-1"]
[WhiteElo "2312"]
[BlackElo "2470"]
[TimeControl "180+1"]
[EndTime "11:48:17 PDT"]
[Termination "gvanna won by resignation"]

1. e4 c5 2. Nf3 Nc6 3. Bb5 g6 4. Bxc6 dxc6 5. Nc3 Bg7 6. d3 Nf6 7. h3 Nd7 8. Be3 e5 9. Qd2 h6 10. O-O-O Qe7 11. g4 Nf8 12. Nh2 Ne6 13. Nf1 Nd4 14. Ng3 Be6 15. Kb1 O-O-O 16. Bxd4 exd4 17. Nce2 c4 18. dxc4 Bxc4 19. b3 d3 20. Nc3 Qb4 21. Kb2 a5 22. f4 a4 23. e5 a3+ 24. Kb1 Ba6 25.
Nce4 dxc2+ 26. Qxc2 g5 27. Rxd8+ Rxd8 28. Nd6+ Rxd6 29.
exd6 Qd4 30. Kc1 Bd3 31. Nf5 Qxf4+ 32. Qd2 Bb2+ 33. Kd1 Qf3+ 34. Ke1 Qxh1+ 35. Kf2 Qh2+ 36. Ke3 Qxd2+ 37. Kxd2 Bxf5 0-1

[Event "*** Titled Tuesday Blitz"]
[Site "Chess.com"]
[Date "2020.04.21"]
[Round "9"]
[White "talman67"]
[Black "Schachmalanders"]
[Result "1-0"]
[WhiteElo "2541"]
[BlackElo "2342"]
[TimeControl "180+1"]
[EndTime "11:48:19 PDT"]
[Termination "talman67 won by resignation"]

1. e4 c5 2. Nf3 d6 3. d4 cxd4 4. Nxd4 Nf6 5. Nc3 a6 6. h3 e6 7. g4 d5 8. Nde2 Bb4 9. a3 Ba5 10. exd5 Nxd5 11. b4 Bb6 12. Nxd5 exd5 13. Bb2 O-O 14.
Bg2 Be6 15. O-O Nd7 16. Nf4 Rc8 17. Nh5 f6 18. Bxd5 Bxd5 19. Qxd5+ Kh8 20. Rad1 Ne5 21. Qxb7 Bxf2+ 22. Kxf2 Rxc2+ 23. Kg1 Nf3+ 24. Qxf3 Qb6+ 25. Bd4 Qc7 26. Rf2 Rd8 27. Nxf6 Rxf2 28. Qxf2 gxf6 29. Qxf6+ Kg8 30. Qh8+ Kf7 31. Qxh7+ 1-0

[Event "*** Titled Tuesday Blitz"]
[Site "Chess.com"]
[Date "2020.04.21"]
[Round "9"]
[White "LogoCzar"]
[Black "AniJak"]
[Result "1-0"]
[WhiteElo "2443"]
[BlackElo "2257"]
[TimeControl "180+1"]
[EndTime "11:48:19 PDT"]
[Termination "LogoCzar won by resignation"]

1. d4 d5 2. c4 c6 3. Nc3 Nf6 4. Nf3 e6 5. Bg5 h6 6. Bh4 dxc4 7. e4 g5 8. Bg3 b5 9. Be2 a6 10. h4 Rg8 11. hxg5 hxg5 12. Qd2 g4 13. Ne5 b4 14. Na4 Nxe4 15. Qf4 f5 16. O-O-O Qg5 17. Qxg5 Nxg5 18. Nb6 Bb7 19. Nxa8 Bxa8 20. Nxc4 Nd7 21. Nd6+ Ke7 22. Bxa6 Bg7 23. Rhe1 Nb6 24. Nxf5+ Kf7 25. Nxg7 Rxg7 26. Be5 Rg8 27. Be2 Ne4 28. f3 Nf2 29. Rd2 gxf3 30. Bxf3 Ng4 31. Bxg4 Rxg4 32. Rf1+ Ke7 33.
Rdf2 Nd7 34. Rf7+ Ke8 35. Bd6 Rxg2 36. Re7+ Kd8 37. Rff7 Rg1+ 38. Kc2 1-0

[Event "*** Titled Tuesday Blitz"]
[Site "Chess.com"]
[Date "2020.04.21"]
[Round "9"]
[White "eljanov"]
[Black "Semen_Khanin"]
[Result "1-0"]
[WhiteElo "2814"]
[BlackElo "2649"]
[TimeControl "180+1"]
[EndTime "11:48:20 PDT"]
[Termination "eljanov won by resignation"]

1. Nf3 Nf6 2. g3 g6 3. Bg2 Bg7 4. c4 O-O 5. O-O c6 6. d4 d5 7. Qb3 Qb6 8. Nc3 Rd8 9. Na4 Qxb3 10. axb3 Na6 11. Bf4 Ne4 12. Nc3 Bf5 13. Ne5 g5 14. Be3 h6 15. Nxc6 bxc6 16. Rxa6 c5 17. Nxd5 e6 18.
Ne7+ Kf8 19. Nxf5 exf5 20. dxc5 Rab8 21. g4 Rxb3 22. gxf5 Rxe3 23. fxe3 Nxc5 24. Rxa7 Bxb2 25. Bd5 Rd7 26. Rxd7 Nxd7 27. Rb1 Ba3 28. Rb7 Ne5 29. f6 Ke8 30. e4 Bc5+ 31. Kg2 h5 32. h3 Be3 33. Re7+ 1-0

[Event "*** Titled Tuesday Blitz"]
[Site "Chess.com"]
[Date "2020.04.21"]
[Round "9"]
[White "artichaud"]
[Black "TengisChess"]
[Result "0-1"]
[WhiteElo "2255"]
[BlackElo "2483"]
[TimeControl "180+1"]
[EndTime "11:48:20 PDT"]
[Termination "TengisChess won on time"]

1. e4 c6 2. d4 d5 3. Nd2 dxe4 4.
Nxe4 Nf6 5. Nxf6+ gxf6 6. c3 h5 7. Be3 h4 8. Bc4 Nd7 9. Nf3 h3 10. g3 Nb6 11. Be2 Qd5 12. Qb3 Bg4 13. Qxd5 cxd5 14.
Nd2 Bf5 15. g4 Bg6 16. f4 e6 17. O-O Rg8 18. Kh1 Be4+ 19. Nxe4 dxe4 20. f5 Nd5 21. Bf2 O-O-O 22. Bh4 Be7 23. Rae1 exf5 24. Rxf5 Ne3 25. Rxf6 Ng2 26. Rxf7 Bxh4 27. Ref1 Ne3 28. R1f4 Rde8 29. Rh7 Bg5 30. Rff7 Nd5 31. Rxb7 Re7 0-1

[Event "*** Titled Tuesday Blitz"]
[Site "Chess.com"]
[Date "2020.04.21"]
[Round "9"]
[White "nihalsarin"]
[Black "SCIM"]
[Result "1-0"]
[WhiteElo "3002"]
[BlackElo "2534"]
[TimeControl "180+1"]
[EndTime "11:48:22 PDT"]
[Termination "nihalsarin won by resignation"]

1. b4 Nf6 2. Bb2 g6 3. Nf3 Bg7 4. g3 O-O 5. Bg2 d5 6. O-O c6 7.
d3 a5 8. a3 Na6 9. c3 Nc7 10. Nbd2 Re8 11. c4 axb4 12. axb4 Rxa1 13. Qxa1 dxc4 14. Nxc4 Ncd5 15. Qa3 Bg4 16. h3 Bxf3 17. Bxf3 Qa8 18. Qa5 Qc8 19. Kg2 b6 20. Qa3 Nd7 21.
Bxg7 Kxg7 22. Rc1 Qb7 23. h4 h5 24. b5 cxb5 25. Qb2+ N7f6 26. Qxb5 Rc8 27. Rb1 e6 28. Nd6 Qc7 29. Nxc8 Qxc8 30. Qb2 Qd8 31. e4 Ne7 32. d4 Nc6 33. d5 exd5 34. exd5 Na5 35. Qxb6 1-0

[Event "*** Titled Tuesday Blitz"]
[Site "Chess.com"]
[Date "2020.04.21"]
[Round "9"]
[White "hedgehog280"]
[Black "Yaacovn"]
[Result "1-0"]
[WhiteElo "2686"]
[BlackElo "2808"]
[TimeControl "180+1"]
[EndTime "11:48:23 PDT"]
[Termination "hedgehog280 won on time"]

1. c4 b6 2. e4 e5 3. Nf3 Bb7 4. Nc3 Nc6 5. d4 exd4 6. Nxd4 Bb4 7. Ne2 Nf6 8. a3 Be7 9. g3 Ne5 10. Bg2 Nxc4 11. O-O Ne5 12. f4 Ng6 13. e5 Bc5+ 14.
Nd4 Bxg2 15. Kxg2 Ng8 16. Nf5 Bf8 17. Be3 N8e7 18. Nd4 Nc6 19. Nxc6 dxc6 20. Qf3 Qd7 21. Rad1 Qe6 22. f5 Nxe5 23. fxe6 Nxf3 24. exf7+ Kxf7 25. Rxf3+ Kg6 26. Rd7 Bd6 27. Bd4 Rhg8 28. Rff7 c5 29. Bxg7 Rad8 30. Rf6+ 1-0

[Event "*** Titled Tuesday Blitz"]
[Site "Chess.com"]
[Date "2020.04.21"]
[Round "9"]
[White "Anurag328"]
[Black "jsdbv18"]
[Result "1-0"]
[WhiteElo "2719"]
[BlackElo "2566"]
[TimeControl "180+1"]
[EndTime "11:48:25 PDT"]
[Termination "Anurag328 won by resignation"]

1. c4 e5 2. g3 Nc6 3. Bg2 g6 4. Nc3 Bg7 5. d3 Nf6 6. Nf3 O-O 7. O-O d6 8. Rb1 a5 9. a3 h6 10. b4 axb4 11. axb4 Be6 12. b5 Ne7 13. Bb2 c6 14. c5 Nfd5 15. Ne4 dxc5 16. Nxc5 Bc8 17. Qb3 b6 18. Ne4 Be6 19. Bxe5 Bxe5 20. Nxe5 Nf4 21. Qb2 Nxg2 22. Nf6+ Kh8 23. Nxc6 Nxc6 24. bxc6 Ra2 25. Qe5 Rxe2 26. Qxe2 Qxf6 27. Kxg2 Bd5+ 28. f3 Qxc6 29. Qe3 b5 30. Qxh6+ Kg8 31. Rb4 Qc2+ 32. Rf2 Qc3 33.
Rh4 Qg7 34. Qxg7+ Kxg7 35. Rb2 Bc6 36. Rd4 Re8 37. Rd6 Re2+ 38. Rxe2 1-0

[Event "*** Titled Tuesday Blitz"]
[Site "Chess.com"]
[Date "2020.04.21"]
[Round "9"]
[White "tteshan"]
[Black "GamayevOleg"]
[Result "0-1"]
[WhiteElo "2275"]
[BlackElo "2542"]
[TimeControl "180+1"]
[EndTime "11:48:26 PDT"]
[Termination "GamayevOleg won by resignation"]

1. d4 d6 2. c4 Nf6 3. Nc3 e5 4. d5 Be7 5. e4 O-O 6. Nf3 a5 7. Bg5 Ng4 8. Bxe7 Qxe7 9. h3 Nf6 10.
Bd3 Na6 11. O-O Nc5 12. Bc2 Bd7 13. Nd2 g6 14. b3 Nh5 15. a3 Nf4 16. Qf3 Qg5 17.
Kh2 Nxh3 18. gxh3 Qxd2 19. Rac1 f5 20. exf5 Bxf5 21. Bxf5 Rxf5 22. Qg3 Raf8 23. Rcd1 Rxf2+ 24. Rxf2 Qxf2+ 25. Qxf2 Rxf2+ 26. Kg1 Rf3 27. Nb5 Na6 28. b4 axb4 29. axb4 Rxh3 30. Kg2 Rb3 31. c5 Rxb4 32. Nc3 Nxc5 33. Ra1 Rb2+ 34. Kf3 Rb3 35. Rc1 Na4 0-1

[Event "*** Titled Tuesday Blitz"]
[Site "Chess.com"]
[Date "2020.04.21"]
[Round "9"]
[White "petincash"]
[Black "RestartingChess"]
[Result "1-0"]
[WhiteElo "2359"]
[BlackElo "2508"]
[TimeControl "180+1"]
[EndTime "11:48:30 PDT"]
[Termination "petincash won by checkmate"]

1. e4 d5 2. Nc3 d4 3. Nce2 e5 4. Ng3 Ne7 5. Bc4 Ng6 6. N1e2 Be7 7. d3 Be6 8. O-O Qd7 9. Bxe6 Qxe6 10. Nf5 Bf6 11. f4 Nc6 12. fxe5 Bxe5 13. Nf4 Nxf4 14. Bxf4 O-O-O 15. Bxe5 Qxe5 16. Qg4 Kb8 17. Qxg7 Rdg8 18.
Qxe5 Nxe5 19. Nxd4 Rg6 20. Rf5 Ng4 21. Rxf7 Ne3 22.
g3 h5 23. Re1 Ng4 24. Ref1 c5 25. Rf8+ Rxf8 26. Rxf8+ Kc7 27. Nf5 Ne5 28. Kg2 c4 29. d4 Ng4 30. e5 Ra6 31. h3 Rxa2 32.
hxg4 hxg4 33. Ne3 Rxb2 34. Rf7+ Kc6 35. e6 Kd6 36. e7 Kd7 37. Kf1 a5 38. Nxg4 Rxc2 39.
Nf6+ Kd6 40. e8=Q Rc1+ 41. Ke2 c3 42. Qd7# 1-0

[Event "*** Titled Tuesday Blitz"]
[Site "Chess.com"]
[Date "2020.04.21"]
[Round "9"]
[White "Sjakkerntobi"]
[Black "amelia91"]
[Result "1-0"]
[WhiteElo "2175"]
[BlackElo "1928"]
[TimeControl "180+1"]
[EndTime "11:48:32 PDT"]
[Termination "Sjakkerntobi won by resignation"]

1. e4 c5 2. Nf3 d6 3. d4 cxd4 4. Qxd4 Nc6 5. Bb5 Bd7 6. Bxc6 Bxc6 7. Nc3 e6 8. Bg5 Nf6 9. O-O-O Be7 10. Qd3 O-O 11.
Nd4 Rc8 12. f4 a6 13. g3 Qc7 14. Kb1 Rfd8 15. h4 b5 16. f5 b4 17. Nce2 Bxe4 18. Qd2 Bxh1 19. Rxh1 Ne4 20. Qd3 Nxg5 21. hxg5 e5 22.
f6 g6 23. fxe7 Re8 24. Nb3 Rxe7 25. g4 a5 26. Qh3 Qxc2+ 27. Ka1 f6 28. gxf6 Rf7 29.
g5 a4 30. Rc1 axb3 31. Rxc2 Rxc2 32. axb3 Rxe2 33. Qc8+ Rf8 34. Qe6+ Kh8 35. Qe7 Rg8 36.
Kb1 Rg2 37. f7 Rg1+ 38. Kc2 Rc8+ 39. Kd2 Rg2+ 40. Kd3 e4+ 41. Kd4 Rd2+ 42. Ke3 Rd3+ 43. Kf4 Rf3+ 44. Kg4 h5+ 45. gxh6 1-0

[Event "*** Titled Tuesday Blitz"]
[Site "Chess.com"]
[Date "2020.04.21"]
[Round "9"]
[White "SaguriGuerra"]
[Black "Nastya_Rakhmangulova"]
[Result "1-0"]
[WhiteElo "2524"]
[BlackElo "2385"]
[TimeControl "180+1"]
[EndTime "11:48:33 PDT"]
[Termination "SaguriGuerra won by resignation"]

1. e4 d5 2. exd5 Qxd5 3. Nc3 Qd6 4. d4 Nf6 5. Nf3 Bg4 6. Be3 Nc6 7. h3 Bxf3 8. Qxf3 a6 9. O-O-O e6 10. Bc4 O-O-O 11. Rhe1 Qd7 12. Bb3 Bb4 13. a3 Bxc3 14. bxc3 Nd5 15.
Kb2 Na5 16. c4 Nb6 17. c5 Na4+ 18. Ka1 Nc3 19. Rc1 Qb5 20. Bd2 Nxb3+ 21. cxb3 Nd5 22. Kb2 Qc6 23. Qxf7 Rhe8 24. Bg5 Nf6 25. Qxg7 Ne4 26.
Bxd8 Rxd8 27. Qe5 Nd2 28. Qxe6+ Qxe6 29. Rxe6 Rxd4 30. Rd1 1-0

[Event "*** Titled Tuesday Blitz"]
[Site "Chess.com"]
[Date "2020.04.21"]
[Round "9"]
[White "MasterKroket"]
[Black "Roenko_Artur"]
[Result "0-1"]
[WhiteElo "2415"]
[BlackElo "2291"]
[TimeControl "180+1"]
[EndTime "11:48:33 PDT"]
[Termination "Roenko_Artur won by resignation"]

1. d4 d5 2. c4 e6 3. Nc3 c6 4. Nf3 dxc4 5. e3 b5 6. a4 Bb4 7.
Bd2 a5 8. axb5 Bxc3 9. Bxc3 cxb5 10. b3 Bb7 11. bxc4 b4 12. Bb2 Nf6 13. Be2 O-O 14.
O-O Nbd7 15. c5 Bc6 16. Ne5 Nxe5 17. dxe5 Qxd1 18. Rfxd1 Nd7 19. Rd6 Rfc8 20. Rad1 Nxc5 21. Rc1 Na4 22. Bd4 Bd5 23. Ra1 Nc3 24. Bd3 g6 25.
Rb6 Be4 26. Ba6 Rc6 27. Rxa5 Rxb6 28. Bxb6 b3 0-1

[Event "*** Titled Tuesday Blitz"]
[Site "Chess.com"]
[Date "2020.04.21"]
[Round "9"]
[White "enriquetejedor"]
[Black "ljuks68"]
[Result "1-0"]
[WhiteElo "2509"]
[BlackElo "2336"]
[TimeControl "180+1"]
[EndTime "11:48:35 PDT"]
[Termination "enriquetejedor won by resignation"]

1. e4 e6 2. d4 d5 3. Nc3 Bb4 4.
e5 Ne7 5. a3 Bxc3+ 6. bxc3 c5 7.
h4 Bd7 8. h5 h6 9. Qg4 Nf5 10.
Bd2 c4 11. Ne2 Ba4 12. Rc1 Nc6 13. Ng3 Nce7 14. Nxf5 Nxf5 15. Qf4 Qb6 16. g4 Ne7 17. Be2 Qb2 18. Bd1 Qxa3 19. g5 hxg5 20. Qxg5 O-O-O 21. Qxg7 Nf5 22. Qxf7 Bd7 23. h6 Nxh6 24. Rxh6 Rxh6 25. Bxh6 Qxc3+ 26. Bd2 Qxd4 27. Qf4 Qc5 28. c3 b6 29. Ra1 Kb7 30. Qf7 a5 31. Bg5 1-0

[Event "*** Titled Tuesday Blitz"]
[Site "Chess.com"]
[Date "2020.04.21"]
[Round "9"]
[White "ClockworkKubrick"]
[Black "pomeraniandog"]
[Result "1-0"]
[WhiteElo "2183"]
[BlackElo "1894"]
[TimeControl "180+1"]
[EndTime "11:48:36 PDT"]
[Termination "ClockworkKubrick won by checkmate"]

1. e4 e6 2. Nf3 d5 3. Nc3 c5 4.
Bb5+ Nc6 5. exd5 exd5 6. Qe2+ Be7 7. O-O Nf6 8. Re1 h6 9. d3 a6 10. Bxc6+ bxc6 11. Bf4 Be6 12. Ne5 Qc8 13. Ng6 fxg6 14. Qxe6 Qxe6 15. Rxe6 Kd7 16. Rae1 Rae8 17. Na4 g5 18.
Nb6+ Kd8 19. Bg3 Bf8 20. f3 c4 21. dxc4 Bc5+ 22. Bf2 Bxb6 23. Bxb6+ Kd7 24. Rxe8 Rxe8 25.
Rxe8 Nxe8 26. cxd5 cxd5 27. Kf2 Kc6 28. Bd4 Nf6 29.
Bxf6 gxf6 30. Ke3 Kc5 31. g4 Kc4 32. c3 a5 33. Kd2 d4 34. b3+ Kd5 35. c4+ Kd6 36.
Kd3 Kc5 37. a3 Kc6 38. Kxd4 Kd6 39. b4 axb4 40. axb4 Kc6 41. Ke4 Kd6 42. Kf5 Ke7 43. b5 Kd6 44. Kxf6 Kc5 45. Kg6 Kxc4 46. Kxh6 Kd3 47.
Kxg5 Ke3 48. f4 Kf3 49. f5 Kg2 50. f6 Kxh2 51. Kf5 Kg3 52. g5 Kh4 53. g6 Kh5 54. g7 Kh6 55. g8=Q Kh5 56. Qg5# 1-0

[Event "*** Titled Tuesday Blitz"]
[Site "Chess.com"]
[Date "2020.04.21"]
[Round "9"]
[White "Disturbed01"]
[Black "Trankuilizer"]
[Result "1-0"]
[WhiteElo "2657"]
[BlackElo "2508"]
[TimeControl "180+1"]
[EndTime "11:48:38 PDT"]
[Termination "Disturbed01 won by resignation"]

1. d4 Nf6 2. c4 g6 3. Nc3 Bg7 4. e4 d6 5. Be2 O-O 6. Bg5 h6 7. Be3 e5 8. d5 Nbd7 9. Qd2 Nc5 10. f3 a5 11. g4 a4 12. h3 Bd7 13. Kf1 Kh7 14. Rh2 Ng8 15. Rf2 Bf6 16. Kg2 Bh4 17.
Rff1 f5 18. exf5 gxf5 19. Bxc5 dxc5 20. Bd3 Kh8 21. Nge2 e4 22. fxe4 fxg4 23. e5 gxh3+ 24.
Kh1 Bg4 25. Nf4 Rxf4 26. Qxf4 Qg5 27. Qxg5 Bxg5 28. Rf7 Ne7 29. Ne4 Kg8 30. Nxg5 hxg5 31. Rxe7 Rf8 32. Rf1 Bf3+ 33. Kh2 g4 34. Kg3 Rf7 35.
Rxf7 Kxf7 36. Bf5 1-0

[Event "*** Titled Tuesday Blitz"]
[Site "Chess.com"]
[Date "2020.04.21"]
[Round "9"]
[White "RovenVogel"]
[Black "stoleriu"]
[Result "1-0"]
[WhiteElo "2699"]
[BlackElo "2525"]
[TimeControl "180+1"]
[EndTime "11:48:39 PDT"]
[Termination "RovenVogel won on time"]

1. c4 e5 2. Nc3 Nc6 3. g3 g6 4. Bg2 Bg7 5. e3 d6 6. Nge2 h5 7. h3 Be6 8. b3 Nge7 9. Bb2 Qd7 10. d3 d5 11. cxd5 Nxd5 12. Ne4 Qe7 13. Rc1 f5 14.
Nc5 Nd8 15. Nxe6 Qxe6 16. e4 Nb4 17. d4 fxe4 18. O-O c6 19. Bxe4 O-O 20. dxe5 Nf7 21. Nf4 Qc8 22. Bxg6 Ng5 23. Qxh5 Rxf4 24. Qxg5 Rf8 25.
Qh5 Rd8 26. Qh7+ Kf8 27. e6 1-0

[Event "*** Titled Tuesday Blitz"]
[Site "Chess.com"]
[Date "2020.04.21"]
[Round "9"]
[White "Jadro9"]
[Black "HomayoonTofighi"]
[Result "0-1"]
[WhiteElo "2707"]
[BlackElo "2920"]
[TimeControl "180+1"]
[EndTime "11:48:40 PDT"]
[Termination "HomayoonTofighi won by resignation"]

1. e4 d5 2. exd5 Qxd5 3. Nc3 Qa5 4. d4 Nf6 5. Bc4 Bg4 6. f3 Bf5 7. Ne2 Nc6 8. Bd2 O-O-O 9. Nd5 Qa4 10. Bb3 Qa6 11.
Nxf6 gxf6 12. d5 Na5 13. Nd4 Bg6 14. f4 e5 15. Nf3 Bc5 16. fxe5 fxe5 17. Bxa5 Qxa5+ 18. Qd2 Bb4 19. c3 Bd6 20. O-O f5 21. Kh1 Rhg8 22.
Ng5 e4 23. Ne6 Rde8 24. Qe2 Qb6 25. c4 Be5 26. c5 Qb4 27. c6 bxc6 28. Rac1 f4 29.
Rxc6 f3 30. Qa6+ Qb7 31. Qxb7+ Kxb7 32. gxf3 exf3 33. Nc5+ Kc8 34. d6 Bxd6 35. Bxg8 Rxg8 36. Rxf3 Be8 37. Rxd6 cxd6 38. Ne4 Bc6 39. Rc3 Kd7 0-1

[Event "*** Titled Tuesday Blitz"]
[Site "Chess.com"]
[Date "2020.04.21"]
[Round "9"]
[White "murtas73"]
[Black "Sharpchess22"]
[Result "0-1"]
[WhiteElo "2638"]
[BlackElo "2759"]
[TimeControl "180+1"]
[EndTime "11:48:40 PDT"]
[Termination "Sharpchess22 won by resignation"]

1. d4 Nf6 2. c4 e6 3. Nc3 Bb4 4. e3 O-O 5. Bd3 d5 6. Ne2 c5 7.
cxd5 exd5 8. O-O Nc6 9. a3 Bxc3 10. bxc3 b6 11. Ng3 Re8 12. f3 h5 13. Ra2 h4 14.
Nh1 Qd6 15. Re2 a5 16. Nf2 Ba6 17. Bxa6 Rxa6 18. Bb2 Rd8 19. Kh1 Ra7 20. e4 dxe4 21. fxe4 cxd4 22. cxd4 Qe7 23. d5 Ne5 24. Qd4 Nfd7 25.
Ng4 Re8 26. Ref2 f6 27. Ne3 Qc5 28. Qd1 Qxe3 29. Qh5 Raa8 30. Qxh4 Qg5 31. Qh3 Qg4 32. Qb3 Qxe4 33. d6+ Qc4 34. Qg3 Qe6 35. h3 Rac8 36.
Rf5 Qxd6 37. Bc1 Qd3 38. Qf2 Rc2 39. Qf4 Qe2 40. Qg3 Qd3 41. Qf4 Rec8 42. Be3 R8c4 43. Qg3 R4c3 0-1

[Event "*** Titled Tuesday Blitz"]
[Site "Chess.com"]
[Date "2020.04.21"]
[Round "9"]
[White "realmadridtv"]
[Black "dpruess"]
[Result "1-0"]
[WhiteElo "2329"]
[BlackElo "2435"]
[TimeControl "180+1"]
[EndTime "11:48:41 PDT"]
[Termination "realmadridtv won by resignation"]

1. d4 Nf6 2. c4 e6 3. g3 c5 4. d5 exd5 5. cxd5 d6 6. Bg2 g6 7. Nf3 Bg7 8. O-O b5 9. e4 O-O 10. e5 Ne8 11. e6 Qe7 12. Ng5 f6 13. Ne4 Na6 14. a4 b4 15. Nbd2 Nac7 16. Nc4 Bb7 17. Nexd6 Nxd6 18. Nxd6 Qxd6 19. Bf4 Qd8 20. e7 Qxe7 21.
d6 Qd7 22. Bxb7 Ne6 23. Qd5 Rad8 24. Rfe1 g5 25. Rxe6 Rf7 26. Re7 1-0

[Event "*** Titled Tuesday Blitz"]
[Site "Chess.com"]
[Date "2020.04.21"]
[Round "9"]
[White "adiosabu"]
[Black "kreonx"]
[Result "1-0"]
[WhiteElo "2429"]
[BlackElo "2256"]
[TimeControl "180+1"]
[EndTime "11:48:41 PDT"]
[Termination "adiosabu won by checkmate"]

1. d4 f5 2. g3 Nf6 3. Bg2 g6 4. Nc3 Bg7 5. Nh3 O-O 6. O-O d6 7. d5 Na6 8. Nf4 Qe8 9. h4 c6 10. e4 fxe4 11. Nxe4 Nxe4 12. Bxe4 Nc7 13. c4 e5 14.
dxc6 bxc6 15. Qxd6 exf4 16. Bxc6 Qd8 17. Bxf4 Bh3 18.
Qxd8 Raxd8 19. Bxc7 Rc8 20. Bd5+ Kh8 21. Bd6 Rfd8 22.
Be7 Re8 23. Rfe1 Bxb2 24. Rab1 Bc3 25. Rb3 Bxe1 26. Bf6# 1-0

[Event "*** Titled Tuesday Blitz"]
[Site "Chess.com"]
[Date "2020.04.21"]
[Round "9"]
[White "Oglob71"]
[Black "AcsinteMatei"]
[Result "1-0"]
[WhiteElo "2424"]
[BlackElo "2248"]
[TimeControl "180+1"]
[EndTime "11:48:41 PDT"]
[Termination "Oglob71 won by resignation"]

1. d4 d5 2. Nf3 Nf6 3. c4 c6 4. e3 a6 5. Bd2 e6 6. Qc2 Nbd7 7. Nc3 dxc4 8. Bxc4 b5 9. Bd3 Be7 10.
O-O Bb7 11. Rfd1 O-O 12. e4 h6 13. e5 Nd5 14. Nxd5 cxd5 15. Bf4 Rc8 16. Qe2 Qb6 17. Qe3 f5 18. exf6 Bxf6 19. Re1 Rfe8 20. Rad1 Nf8 21. Bb1 Rc4 22. Ne5 Rc7 23. Qd3 Bxe5 24. Bxe5 Rf7 25. Qg3 b4 26. Rc1 Bc6 27. h4 a5 28. h5 Ree7 29. Re2 Nd7 30. Qd3 Nf8 31. Rec2 Be8 32. Rc8 Rf5 33. g4 Rxe5 34. dxe5 Rf7 35. Qe3 Qb5 36. R1c5 Qa4 37. b3 Qd7 38. R5c7 Qxc7 39. Rxc7 Rxc7 40. Bd3 Rc3 41. Qd4 Nd7 42. Bb5 Rc5 43. Bxd7 Rc1+ 44. Kh2 Bxd7 45. Qb6 Rc2 46.
Qd8+ Kh7 47. Qxd7 1-0

[Event "*** Titled Tuesday Blitz"]
[Site "Chess.com"]
[Date "2020.04.21"]
[Round "9"]
[White "HrvojeZagreb"]
[Black "Charlottemillard17"]
[Result "1-0"]
[WhiteElo "2124"]
[BlackElo "1385"]
[TimeControl "180+1"]
[EndTime "11:48:42 PDT"]
[Termination "HrvojeZagreb won by checkmate"]

1. d4 d5 2. Bf4 Nf6 3. e3 e6 4.
Bd3 Be7 5. Nf3 O-O 6. Nbd2 h6 7. Ne5 Nbd7 8. Ndf3 Nxe5 9. Nxe5 Bd6 10. g4 Nd7 11. c3 Bxe5 12. dxe5 Qh4 13. Bg3 Qg5 14. h4 Qe7 15. g5 f6 16. exf6 gxf6 17. Qh5 hxg5 18.
hxg5 Qg7 19. Bh7+ Kh8 20. Bh4 Qxh7 21. Qe2 Kg8 22. O-O-O Nc5 23. f3 Na4 24. gxf6 Rxf6 25. Bxf6 Kf7 26. Rxh7+ Kxf6 27. f4 b6 28. Qc2 Nc5 29.
Rdh1 Ba6 30. R1h6# 1-0

[Event "*** Titled Tuesday Blitz"]
[Site "Chess.com"]
[Date "2020.04.21"]
[Round "9"]
[White "Stewie_89"]
[Black "Gubajdullin"]
[Result "1-0"]
[WhiteElo "2639"]
[BlackElo "2455"]
[TimeControl "180+1"]
[EndTime "11:48:43 PDT"]
[Termination "Stewie_89 won by resignation"]

1. e4 c6 2. d4 d5 3. Nd2 dxe4 4. Nxe4 Bf5 5. Ng3 Bg6 6. h4 h6 7. Nh3 e6 8. Nf4 Bh7 9. Bc4 Bd6 10. Ngh5 Kf8 11.
Be3 Nf6 12. Nxf6 Qxf6 13. Nh5 Qg6 14. Qf3 Qxc2 15. Bxe6 Bb4+ 16. Kf1 Qg6 17. Bc8 Na6 18. Bxb7 Qd3+ 19. Kg1 Rb8 20. Qxc6 Qf5 21. Ng3 Qe5 22. dxe5 1-0

[Event "*** Titled Tuesday Blitz"]
[Site "Chess.com"]
[Date "2020.04.21"]
[Round "9"]
[White "lolo9292"]
[Black "mjray79"]
[Result "1-0"]
[WhiteElo "2491"]
[BlackElo "2264"]
[TimeControl "180+1"]
[EndTime "11:48:44 PDT"]
[Termination "lolo9292 won by checkmate"]

1. e4 e5 2. Nf3 Nc6 3. d4 exd4 4. Bc4 Bc5 5. c3 Nf6 6. e5 d5 7. Bb5 Ne4 8. cxd4 Bb6 9. Be3 O-O 10. Nc3 Bg4 11.
h3 Bh5 12. Qc2 Bg6 13. Qb3 Nxc3 14. bxc3 f6 15. exf6 Rxf6 16. Bxc6 bxc6 17. Ne5 Re6 18. f4 Be4 19. O-O Qh4 20. Rf2 Rf8 21. Raf1 Qg3 22. c4 Rh6 23. Rf3 Bxf3 24. Rxf3 Qe1+ 25. Kh2 Qe2 26. Rg3 Rd6 27. c5 Rdf6 28. cxb6 cxb6 29. Nd7 R6f7 30. Nxf8 Rxf8 31. Qc3 Re8 32. Qxc6 Rxe3 33. Qc8+ Re8 34. Qd7 Qe7 35. Qxd5+ Qf7 36. Qg5 h6 37. Qb5 Rd8 38. f5 Rxd4 39. Qe5 Kh7 40. Qxd4 Qxf5 41.
Qxg7# 1-0

[Event "*** Titled Tuesday Blitz"]
[Site "Chess.com"]
[Date "2020.04.21"]
[Round "9"]
[White "Danfii"]
[Black "lupta_robin"]
[Result "0-1"]
[WhiteElo "2318"]
[BlackElo "2544"]
[TimeControl "180+1"]
[EndTime "11:48:45 PDT"]
[Termination "lupta_robin won by resignation"]

1. e4 g6 2. d4 Nf6 3. Nc3 d5 4. e5 Ne4 5. Nxe4 dxe4 6. f3 c5 7. c3 Nc6 8. Bb5 cxd4 9. Bxc6+ bxc6 10. Qxd4 Qxd4 11. cxd4 exf3 12. Nxf3 Be6 13. Be3 Bd5 14. Kf2 Rb8 15. b3 e6 16. Ne1 Ba3 17. Nd3 a5 18. Bc1 Be7 19. Bd2 Rb5 20. Rhc1 Kd7 21. g3 Ra8 22.
Rab1 a4 23. bxa4 Rxa4 24. Rxb5 cxb5 25. Nc5+ Bxc5 26. Rxc5 Rxa2 27. Ke3 Bc4 28. h4 Ra3+ 29. Kf2 Rd3 30. Be3 h5 31. Kf3 Bd5+ 32. Kf2 Bc4 33. Kf3 Rd1 34. Kf2 Ra1 35. Kf3 Ra2 36. Bf2 Bd5+ 37.
Ke3 b4 38. Rb5 b3 39. Be1 Bc4 40. Rb4 Re2+ 41. Kf3 Rxe1 42. Rxc4 b2 0-1

[Event "*** Titled Tuesday Blitz"]
[Site "Chess.com"]
[Date "2020.04.21"]
[Round "9"]
[White "josephymwale33"]
[Black "AlexandraBotez"]
[Result "1-0"]
[WhiteElo "2286"]
[BlackElo "2106"]
[TimeControl "180+1"]
[EndTime "11:48:45 PDT"]
[Termination "josephymwale33 won by resignation"]

1. d4 Nf6 2. Nf3 g6 3. g3 Bg7 4. Bg2 O-O 5. O-O d5 6. c4 dxc4 7. Na3 Nc6 8. Nxc4 Be6 9. Nce5 Bd5 10. Bf4 Nh5 11. Nxc6 bxc6 12. Be3 Rb8 13. b3 c5 14.
dxc5 Bxa1 15. Qxa1 c6 16. Bh6 Re8 17. Rd1 Qc7 18.
Qd4 f6 19. e4 e5 20. Qa4 Be6 21. Rd6 Rbc8 22. Bf1 Red8 23. Rxe6 Rd1 24. b4 Qd7 25. Qb3 Kh8 26. Kg2 g5 27. Be2 Ra1 28. Nxe5 fxe5 29. Bxh5 Qd4 30. Qf3 Kg8 31. Qf7+ 1-0

[Event "*** Titled Tuesday Blitz"]
[Site "Chess.com"]
[Date "2020.04.21"]
[Round "9"]
[White "silverback96"]
[Black "WPWPWP-2015"]
[Result "1-0"]
[WhiteElo "2219"]
[BlackElo "2395"]
[TimeControl "180+1"]
[EndTime "11:48:46 PDT"]
[Termination "silverback96 won by resignation"]

1. d4 d5 2. c4 c6 3. Nf3 Nf6 4. g3 Bg4 5. Bg2 Nbd7 6. O-O e6 7. Nc3 Be7 8. h3 Bxf3 9. Bxf3 O-O 10. e4 dxe4 11. Nxe4 e5 12. Nxf6+ Bxf6 13. d5 Qc7 14. Be3 Rfd8 15. d6 Qa5 16. Qc2 Nc5 17. Rfd1 Ne6 18. c5 Nd4 19. Bxd4 exd4 20. b4 d3 21. Qb3 Qa6 22. Rab1 Rac8 23. Rxd3 b6 24. b5 cxb5 25. c6 b4 26. c7 Rd7 27. Bg4 Rcxc7 28. dxc7 Rxc7 29. Rbd1 h5 30. Bxh5 Qc4 31. Qxc4 Rxc4 32.
Rd7 g6 33. Bf3 a5 34. Bd5 Rc2 35. Rxf7 Bc3 36. Rb7+ Kh8 37. Bc6 Rd2 38. Rxd2 Bxd2 39. Rxb6 1-0